 Dungeon Crawl Stone Soup version 0.29-a0-529-gfa20dd96a1 (webtiles) character file.

Game seed: 11476013234810283934

61 hquester1 the Caller (level 3, 0/19 HPs)
             Began as a Deep Elf Summoner on June 1, 2022.
             Slain by an orc
             ... wielding a +0 flail
              (7 damage)
             ... on level 3 of the Dungeon.
             The game lasted 00:15:45 (2152 turns).

hquester1 the Caller (Deep Elf Summoner)            Turns: 2152, Time: 00:15:46

Health: 0/19       AC:  3    Str:  5    XL:     3   Next: 83%
Magic:  4/10       EV: 13    Int: 21    God:
Gold:   65         SH:  0    Dex: 15    Spells: 5/9 levels left

rFire   + . .      SeeInvis .   o - +0 dagger (flame)
rCold   + . .      Faith    .   (no shield)
rNeg    . . .      Spirit   .   a - +0 robe
rPois   .          Reflect  .   (no helmet)
rElec   .          Harm     .   k - scarf {rC+ rF+}
rCorr   .          Rampage  .   (no gloves)
Will    .....                   e - +0 pair of boots
Stlth   ++........              (no amulet)
HPRegen 0.06/turn               (no ring)
MPRegen 0.12/turn               (no ring)

@: very slightly contaminated
A: no striking features
a: no special abilities


You were on level 3 of the Dungeon.
You visited 1 branch of the dungeon, and saw 3 of its levels.

You collected 65 gold pieces.

Inventory:

Hand Weapons
 o - a +0 dagger of flaming (weapon)
Armour
 a - a +0 robe (worn)
 e - a +0 pair of boots (worn)
 k - a scarf of resistance (worn)
Wands
 n - a wand of flame (17)
Scrolls
 f - a scroll of amnesia {unknown}
 i - a scroll of blinking {unknown}
 p - a scroll of identify
Potions
 b - a potion of magic
 c - a potion of brilliance {unknown}
 d - 2 potions of might {unknown}
 g - 3 potions of curing
 h - a potion of flight {unknown}
 j - 2 potions of heal wounds {unknown}
 l - a potion of lignification {unknown}
 m - 2 potions of attraction {unknown}


   Skills:
 + Level 0.1 Short Blades
 + Level 3.3 Dodging
 + Level 3.2 Stealth
 + Level 3.8 Spellcasting
 + Level 4.8 Summonings


You had 5 spell levels left.
You knew the following spells:

 Your Spells              Type           Power      Damage    Failure   Level
a - Summon Small Mammal   Summ           96%        N/A       1%          1
b - Call Canine Familiar  Summ           24%        N/A       4%          3

Your spell library contained the following spells:

 Spells                   Type           Power      Damage    Failure   Level
 Call Imp                 Summ           24%        N/A       2%          2
 Summon Guardian Golem    Hex/Summ       14%        N/A       14%         3
 Sublimation of Blood     Necr           4%         N/A       19%         2
 Summon Lightning Spire   Summ/Air       14%        N/A       41%         4
 Petrify                  Tmut/Erth      4%         N/A       77%         4
 Fireball                 Conj/Fire      2%         3d4       98%         5
 Irradiate                Conj/Tmut      2%         3d14      98%         5
 Iskenderun's Battlesphe  Conj           4%         2d6       98%         5
 Conjure Ball Lightning   Conj/Air       2%         3x3d6     100%        6
 Orb of Destruction       Conj           2%         9d5       100%        7


Dungeon Overview and Level Annotations

Branches:
Dungeon (3/15)

Altars:


Message History

t - Shout!
Orders for allies: a - Attack new target. r - Retreat! s - Stop attacking. g - Guard the area. f - Follow me.
Anything else - Cancel.
Gang up on whom?
Press: ? - help, Dir - move target, f - orc
Aim: an orc, wielding a +0 flail and wearing a +0 chain mail (not watching you) Attack!
Your hound bites the orc but does no damage.
The orc misses your hound.
Your hound bites the orc.
Your hound barely misses the orc. x2
Your hound bites the orc but does no damage.
Your hound bites the orc but does no damage.
The orc closely misses you.
Your hound barely misses the orc.
You barely miss the orc.
The orc is moderately wounded.
Your hound disappears in a puff of smoke!
The orc hits you with a +0 flail.
You hit the orc but do no damage.
The orc is moderately wounded.
The orc hits you with a +0 flail!
Casting: Summon Small Mammal (safe; 1% risk of failure)
Press: ? - help, Q - select action, (/) - cycle Dir - look around, f - activate
Okay, then.
Casting: Summon Small Mammal (safe; 1% risk of failure)
Confirm with . or Enter, or press ? or * to list all spells.
The spell is quite dangerous to miscast (4% risk of failure)!
Continue anyway?
You miscast Call Canine Familiar.
You are very lightly contaminated with residual magic.
Nothing appears to happen.
The orc barely misses you.
Casting: Call Canine Familiar (quite dangerous; 4% risk of failure)
Confirm with . or Enter, or press ? or * to list all spells.
The spell is quite dangerous to miscast (4% risk of failure)!
Continue anyway?
The orc closely misses you.
Your hound bites the orc but does no damage.
The orc attacks as you move away! The orc hits you with a +0 flail!
You die...

### ##.#.###.# #..... ..#
#......#.# #....# #.#
#..#.#.#.# #....#. ..#
#..#.#.#.# #####....#..###.#
#. #.#.#.# .........#......#
## #.#.#.# .........#.>....#
..#.#.#
........h######.########.#.#
..........o@................
........†###....##.#......(#
...........#.#####.#.......#
.........#.#.# #.##......#
.........#.#.# #.......###
.........# #.# #########
.........# #.# .......###
#.# #.#


You could see an orc (ally target) and a friendly hound (summoned).

Vanquished Creatures
  A ball python (D:1)
1 creature vanquished.

Vanquished Creatures (collateral kills)
  A gnoll (D:1)
  A worm (D:2)
  A dart slug (D:1)
  An orc (D:2)
  7 endoplasms
  A giant cockroach (D:3)
  3 goblins (D:1)
  6 hobgoblins
  4 quokkas
  3 ball pythons
  3 bats (D:2)
  2 frilled lizards
  3 kobolds
  4 rats
40 creatures vanquished.

Grand Total: 41 creatures vanquished

Notes
Turn   | Place    | Note
-------+----------+-------------------------------------------
     0 | D:1      | hquester1 the Deep Elf Summoner began the quest for the
                  | Orb.
     0 | D:1      | Reached XP level 1. HP: 10/10 MP: 6/6
    97 | D:1      | Found a faded altar of an unknown god.
    97 | D:1      | Noticed a great orb of eyes
   135 | D:1      | Reached XP level 2. HP: 4/15 MP: 6/8
   431 | D:1      | Noticed a shining eye
   436 | D:1      | Noticed a golden eye
   441 | D:1      | Noticed an eye of devastation
   945 | D:1      | Reached XP level 3. HP: 19/19 MP: 5/10
  2040 | D:3      | Learned a level 3 spell: Call Canine Familiar
  2152 | D:3      | Slain by an orc

Illustrated notes

Levels and vault maps discovered:
D:1:      tarquinn_simple_flora_water_e, layout_basic,
          hellmonk_ecumenical_altar_watching_god, solitary_fountain,
          minivault_26
D:2:      minmay_diamond_boxcup, layout_rooms
D:3:      layout_basic, serial_shops, nicolae_shop_window_shopping,
          dk_noncrumbling_2

Skill      XL: |  1  2 |
---------------+-------+-----
Dodging        | 3 |  3.3
Stealth        | 3 |  3.2
Short Blades   | |  0.1
Spellcasting   | |  3.8
Summonings     | |  4.8

Action                   || total
-------------------------++-------
Melee: Unarmed           ||     7
       Dagger            ||     3
       Punch             ||     1
 Cast: Summon Small Mamm ||    57
       Call Canine Famil ||     2
  Use: Scroll            ||     3
Armor: Robe              ||     9
Dodge: Dodged            ||    53

Table legend: (Time is in decaauts)
 A = Elapsed time spent in this place.
 B = Non-inter-level travel time spent in this place.
 C = Inter-level travel time spent in this place.
 D = Time resting spent in this place.
 E = Time spent auto-exploring this place.
 F = Levels seen in this place.
 G = Mean time per level.
                   A        B        C        D        E       F      G
               +--------+--------+--------+--------+--------+-----+--------+
         Total |   2151 |   2059 |     92 |    220 |   1203 |   3 |  717.0 |
       Dungeon |   2151 |   2059 |     92 |    220 |   1203 |   3 |  717.0 |
               +--------+--------+--------+--------+--------+-----+--------+

Top non-repeatable levels by time:
     D:1: 1283 daAuts
     D:2: 751 daAuts
     D:3: 116 daAuts
